 Dungeon Crawl Stone Soup version 0.31-a0-986-g5e6e4ef867 (webtiles) character file.

Game seed: 10117566116833215068

29267 gelatine the Cleaver (level 13, -11/98 HPs)
             Began as a Demonspawn Fighter on Nov 22, 2023.
             Mangled by a sun demon (18 damage)
             ... summoned by an orc high priest
             ... on level 2 of the Orcish Mines on Nov 23, 2023.
             The game lasted 00:44:08 (11051 turns).

gelatine the Cleaver (Demonspawn Fighter)          Turns: 11051, Time: 00:44:08

Health: -11/98     AC: 15    Str: 22    XL:     13   Next: 14%
Magic:  23/23      EV: 14    Int: 12    God:
Gold:   1147       SH: 10    Dex: 13    Spells: 10/26 levels left

rFire   . . .        U - +2 war axe
rCold   . . .        c - +0 buckler
rNeg    + . .        S - +0 acid dragon scales
rPois   .            M - +2 helmet
rElec   .            y - +0 cloak
rCorr   +            i - +0 pair of gloves
SInv    +            (no boots)
Will    .....        j - amulet "Liunuirch" {Reflect rN+ Int+3 SH+5}
Stlth   ++           E - ring of resist corrosion
HPRegen 0.36/turn    h - ring of see invisible
MPRegen 0.18/turn

%: reflection
@: mighty
A: molten scales 1, powered by death 2, powered by pain 3, demonic touch 1
a: no special abilities


You were on level 2 of the Orcish Mines.
You visited 3 branches of the dungeon, and saw 14 of its levels.
You also visited: Bailey.

You collected 1403 gold pieces.
You spent 256 gold pieces at shops.

Inventory:

Hand Weapons
 a - a +1 spectral war axe
 K - the +4 great mace "Ofaij" {heavy, rF+}
   (You found it in a bailey)

   rF+:       It protects you from fire.
 U - a +2 war axe (weapon)
Missiles
 b - 12 curare-tipped darts
 e - a throwing net
 v - 41 boomerangs (quivered)
 w - 2 atropa-tipped darts
 A - 17 javelins
 J - 14 poisoned darts
Armour
 c - a +0 buckler (worn)
 d - a +2 robe of cold resistance
 i - a +0 pair of gloves (worn)
 s - a +0 troll leather armour
 y - a +0 cloak (worn)
 F - the +0 robe of Gallantry {Slay+3 Stlth+}
   (You found it on level 5 of the Dungeon)

   Slay+3:    It affects your accuracy & damage with ranged weapons and melee
   (+3).
   Stlth+:    It makes you more stealthy.
 M - a +2 helmet (worn)
 O - a +0 chain mail of poison resistance
 S - +0 acid dragon scales (worn)
Magical Staves
 I - a staff of poison
Jewellery
 f - a ring of wizardry
 g - an amulet of regeneration
 h - a ring of see invisible (right hand)
 j - the amulet "Liunuirch" (around neck) {Reflect rN+ Int+3 SH+5}
   (You found it on level 10 of the Dungeon)

   [amulet of reflection]

   Reflect:   It reflects blocked missile attacks.
   Int+3:     It affects your intelligence (+3).
   rN+:       It protects you from negative energy.
   SH+5:      It affects your SH (+5).
 o - a ring of positive energy
 E - a ring of resist corrosion (left hand)
 L - a ring of flight
 P - a ring of protection from cold
 X - a ring of protection from fire
 Y - an amulet of magic regeneration
Wands
 k - a wand of flame (9)
 u - a wand of digging (6)
 R - a wand of quicksilver (6)
Scrolls
 l - a scroll of enchant armour
 m - a scroll of vulnerability
 q - a scroll of teleportation
 r - a scroll of silence
 t - a scroll of amnesia
 x - a scroll of brand weapon
 Z - a scroll of fog
Potions
 n - 2 potions of curing
 z - 3 potions of haste
 B - a potion of invisibility
 C - 3 potions of brilliance
 D - 2 potions of lignification {unknown}
 H - 3 potions of cancellation {unknown}
 N - 5 potions of mutation {unknown}
 Q - a potion of heal wounds {unknown}
 T - 2 potions of degeneration {unknown}
 V - a potion of resistance
Miscellaneous
 G - a phial of floods


   Skills:
 * Level 7.9 Fighting
 * Level 11.0 Axes
 + Level 0.7 Throwing
 * Level 5.7 Armour
 * Level 7.8 Dodging
 + Level 4.0 Stealth
 * Level 6.9 Shields
 * Level 7.1 Spellcasting
 * Level 3.2 Conjurations
 * Level 1.6 Translocations
 * Level 2.2 Transmutations
 * Level 2.5 Earth Magic
 + Level 6.8 Evocations


You had 10 spell levels left.
You knew the following spells:

 Your Spells              Type           Power      Damage    Failure   Level
a - Irradiate             Conj/Tmut      5%         3d13      91%         5
b - Lee's Rapid Deconstr  Erth           5%         3d6*      92%         5
c - Blink                 Tloc           16%        N/A       19%         2
d - Manifold Assault      Tloc           8%         N/A       77%         4

Your spell library contained the following spells:

 Spells                   Type           Power      Damage    Failure   Level
 Passwall                 Tmut/Erth      8%         N/A       13%         2
 Lesser Beckoning         Tloc           16%        N/A       19%         2
 Necrotise                Necr           16%        1d4       24%         1
 Ensorcelled Hibernation  Hex/Ice        8%         N/A       34%         2
 Sublimation of Blood     Necr           4%         N/A       34%         2
 Gell's Gravitas          Tloc           8%         N/A       36%         3
 Teleport Other           Tloc           8%         N/A       36%         3
 Volatile Blastmotes      Fire/Tloc      12%        2d11      45%         3
 Ozocubu's Armour         Ice            4%         N/A       56%         3
 Swiftness                Air            4%         N/A       56%         3
 Vampiric Draining        Necr           4%         2d6       56%         3
 Iskenderun's Mystic Bla  Conj/Tloc      10%        2d4       65%         4
 Petrify                  Tmut/Erth      10%        N/A       65%         4
 Fulminant Prism          Conj/Hex       4%         3d5       77%         4
 Leda's Liquefaction      Hex/Erth       3%         N/A       80%         4
 Animate Dead             Necr           4%         N/A       93%         4
 Agony                    Necr           4%         N/A       100%        5
 Bombard                  Conj/Erth      5%         9d2       100%        6
 Haunt                    Necr/Summ      2%         N/A       100%        7
 Ozocubu's Refrigeration  Ice            2%         4d7       100%        7
 Infestation              Necr           2%         N/A       100%        8


Dungeon Overview and Level Annotations

Branches:
Dungeon (11/15)            Temple (1/1) D:4            Lair (0/5) D:10
    Orc (2/2) D:11            Elf (0/3) Orc:2        Bailey (visited)

Altars:
Ashenzari
Cheibriados
Dithmenos
Fedhas
Gozag
Hepliaklqana
Kikubaaqudgha
Makhleb
Nemelex Xobeh
Okawaru
Qazlal
Ru
Sif Muna
Trog
Uskayaw
Vehumet
Wu Jian
Xom
Yredelemnul

Shops:
D:3 (   D:7 :   D:11 *   Orc:1 :   Orc:2 ?


Innate Abilities, Weirdness & Mutations

You are partially covered in molten scales. (AC +2)
You regenerate health from kills.
You are powered by pain.
Your touch may inflict minor irresistible damage on your foes.


Message History

The orc high priest hits you but does no damage.
You block the orc's attack.
The orc warrior hits you with a +0 long sword!
The orc warrior barely misses you.
You hit the sun demon.
The sun demon is lightly wounded.
You closely miss the orc warrior. You barely miss the orc warrior.
You closely miss the orc. The orc hits you but does no damage.
The orc priest miscasts a cantrip.
The orc high priest hits you but does no damage.
The orc warrior barely misses you.
The orc warrior hits you with a +0 battleaxe.
The sun demon hits you.
You are engulfed in flames!
You focus on the pain.
You feel very mighty all of a sudden.
You barely miss the orc warrior.
The orc warrior is lightly wounded.
You closely miss the orc. You closely miss the sun demon.
You hit the orc warrior. The sun demon hits you!
You are engulfed in flames!!
* * * LOW HITPOINT WARNING * * *
You block the orc's attack. You block the orc high priest's attack.
The orc warrior barely misses you. The orc warrior closely misses you.
The orange demon misses you.
Read: scroll of fear
Press: ? - help, Q - select action, (/) - cycle Dir - look around, f - activate Look: an orc, wielding a +0 short sword and wearing a +0 scale mail (almost dead, chance to affect: 99%)
As you read the scroll of fear, it crumbles to dust.
You assume a fearsome visage.
The sun demon resists with some effort.
The orange demon looks frightened!
The red devil looks frightened!
The orc warrior looks frightened!
The orc priest looks frightened!
The orc looks frightened!
The orc priest looks frightened!
The orc warrior looks frightened!
The orc high priest looks frightened!
The orc priest looks frightened!
You block the sun demon's attack.
The sun demon attacks as it pursues you!
The sun demon hits you.
* * * LOW HITPOINT WARNING * * *
You are engulfed in flames!!
You die...

#........####.#.[#.....
.........#..#.####.####
....#...#..'......#.).
...##.)##..#....#.#...
.. #...#####....#.##'#
. ##...##.......#.....
#....##.#####'###.##
##...###.#(.#...##.##
#...@# #.†..#...##.##
##..3## ###..######'##
#...## #### #... #...#
#.## ###... #.....#
##.####..... #.......#
#.......... #oo......o#
##..#...### #....o..o.#
####..## # #4.o.o....#
##....# #


You could see a sun demon (summoned), an orc priest (fleeing) and an orc
(fleeing).

Vanquished Creatures
  An orc warlord (Bailey)
  An ettin (Orc:1)
  4 two-headed ogres
  2 orc knights (Orc:2)
  2 orc sorcerers (Orc:2)
  2 cyclopes
  A manticore (D:11)
  A gargoyle (D:10)
  2 kobold demonologists
  3 komodo dragons (D:10)
  A merfolk (D:9)
  3 trolls
  A wyvern (D:9)
  Sigmund (D:2)
  18 yaks
  4 vampire mosquitoes (D:11)
  2 wargs (Orc:2)
  3 acid dragons (D:8)
  3 water moccasins
  38 orc warriors
  3 sky beasts
  2 black bears
  11 ogres
  6 centaurs
  8 bullfrogs
  6 kobold brigands
  A scorpion (D:10)
  7 wights
  2 howler monkeys
  2 jellies
  2 hounds
  A gnoll bouda (Orc:2)
  16 orc priests
  2 sleepcaps
  2 iguanas (D:5)
  21 orc wizards
  10 gnolls
  7 adders
  A white imp (D:6)
  2 ufetubi (D:5)
  3 worms
  3 dart slugs (D:2)
  96 orcs
  3 ball pythons
  2 endoplasms
  2 giant cockroaches
  15 goblins
  11 hobgoblins
  6 jackals
  2 quokkas
  2 bats
  2 frilled lizards
  47 kobolds
  2 rats (D:2)
401 creatures vanquished.

Vanquished Creatures (others)
  Sonja (Orc:2)
  A centaur simulacrum (D:11)
  6 spectral weapons
8 creatures vanquished.

Grand Total: 409 creatures vanquished

Notes
Turn   | Place    | Note
-------+----------+-------------------------------------------
     0 | D:1      | gelatine the Demonspawn Fighter began the quest for the
                  | Orb.
     0 | D:1      | Reached XP level 1. HP: 18/18 MP: 1/1
   696 | D:2      | Gained mutation: You sometimes gain a little power by
                  | taking damage. [demonic ancestry]
   696 | D:2      | Reached XP level 2. HP: 23/24 MP: 2/2
  1035 | D:2      | Noticed Sigmund
  1042 | D:2      | Killed Sigmund
  1043 | D:2      | Reached skill level 2 in Axes
  1043 | D:2      | Reached skill level 1 in Dodging
  1043 | D:2      | Gained mutation: Your touch may inflict minor irresistible
                  | damage on your foes. [demonic ancestry]
  1043 | D:2      | Reached XP level 3. HP: 29/29 MP: 3/3
  1043 | D:2      | Reached XP level 4. HP: 36/36 MP: 4/4
  1043 | D:2      | Gained mutation: You regenerate a little health from kills.
                  | [demonic ancestry]
  1043 | D:2      | Reached XP level 5. HP: 41/41 MP: 5/5
  1404 | D:3      | Found Iwen's Weapon Emporium.
  1464 | D:3      | Reached skill level 3 in Axes
  1550 | D:3      | Found a faded altar of an unknown god.
  1769 | D:4      | Gained mutation: You regenerate health from kills. [demonic
                  | ancestry]
  1769 | D:4      | Reached XP level 6. HP: 48/48 MP: 6/6
  1881 | D:4      | Found a staircase to the Ecumenical Temple.
  1892 | Temple   | Entered the Ecumenical Temple
  2167 | D:5      | Entered Level 5 of the Dungeon
  2192 | D:5      | Found a sacrificial altar of Ru.
  2192 | D:5      | Found a hide-covered altar of Uskayaw.
  2354 | D:5      | Identified the +0 robe of Gallantry {Slay+3 Stlth+}
  2402 | D:5      | Reached skill level 1 in Evocations
  2410 | D:5      | Reached skill level 1 in Stealth
  2410 | D:5      | Reached skill level 1 in Spellcasting
  2410 | D:5      | Gained mutation: You are partially covered in molten
                  | scales. (AC +2) [demonic ancestry]
  2410 | D:5      | Reached XP level 7. HP: 29/54 MP: 8/8
  2416 | D:5      | Reached skill level 4 in Axes
  3054 | D:6      | Found a radiant altar of Vehumet.
  3380 | D:6      | Reached XP level 8. HP: 61/61 MP: 11/11
  4073 | D:7      | Reached skill level 5 in Axes
  4325 | D:7      | You fall into a shaft and drop 1 floor!
  4479 | D:8      | Found a burning altar of Makhleb.
  4489 | D:8      | Reached skill level 5 in Fighting
  4489 | D:8      | Reached XP level 9. HP: 43/68 MP: 14/14
  4758 | D:9      | Noticed a kobold demonologist
  4767 | D:9      | Noticed an orange demon
  4777 | D:8      | Killed a kobold demonologist
  4778 | D:8      | Reached skill level 6 in Axes
  4907 | D:9      | Found a flagged portal.
  4922 | Bailey   | Entered a bailey
  4927 | Bailey   | Noticed an orc warlord
  4962 | Bailey   | Reached skill level 5 in Dodging
  4976 | Bailey   | Found a runed translucent gate.
  4976 | Bailey   | Found a runed translucent gate.
  4976 | Bailey   | Found a runed translucent gate.
  5223 | Bailey   | Killed an orc warlord
  5224 | Bailey   | Reached skill level 7 in Axes
  5224 | Bailey   | Reached skill level 5 in Evocations
  5231 | Bailey   | Identified the +4 great mace "Ofaij" {heavy, rF+}
  5289 | D:9      | Reached XP level 10. HP: 75/75 MP: 16/16
  5337 | D:9      | Noticed an orange demon
  5617 | D:9      | Reached skill level 5 in Spellcasting
  5804 | D:9      | Reached skill level 8 in Axes
  6145 | D:7      | Found Gaaffaem's Book Shoppe.
  6801 | D:10     | Entered Level 10 of the Dungeon
  6861 | D:10     | Identified the amulet "Liunuirch" {Reflect rN+ Int+3 SH+5}
  7164 | D:10     | Reached skill level 9 in Axes
  7164 | D:10     | Reached skill level 5 in Armour
  7164 | D:10     | Reached skill level 5 in Shields
  7164 | D:10     | Gained mutation: You sometimes gain power by taking damage.
                  | [demonic ancestry]
  7164 | D:10     | Reached XP level 11. HP: 83/83 MP: 18/20
  7180 | D:10     | Found a staircase to the Lair.
  7358 | D:10     | Gained mutation: You are powered by pain. [demonic
                  | ancestry]
  7358 | D:10     | Reached XP level 12. HP: 62/91 MP: 21/21
  7441 | D:10     | Learned a level 5 spell: Irradiate
  7735 | D:11     | Found Qiatocac's Fire Supplies.
  7805 | D:11     | Noticed a four-headed hydra
  7815 | D:11     | Noticed a centaur warrior
  7815 | D:11     | Noticed a centaur warrior
  8036 | D:11     | Learned a level 5 spell: Lee's Rapid Deconstruction
  8243 | D:11     | Reached skill level 1 in Conjurations
  8297 | D:11     | Reached skill level 1 in Transmutations
  8314 | D:11     | Found a staircase to the Orcish Mines.
  8499 | D:11     | Noticed a two-headed ogre
  8517 | D:11     | Killed a two-headed ogre
  8518 | D:11     | Reached skill level 10 in Axes
  8805 | Orc:1    | Entered Level 1 of the Orcish Mines
  8805 | Orc:1    | Noticed an ettin
  8810 | Orc:1    | Reached skill level 1 in Earth Magic
  8816 | Orc:1    | Killed an ettin
  8839 | Orc:1    | Found Bicir's Book Shop.
  8851 | Orc:1    | Bought an Inescapable Atlas for 256 gold pieces
  8854 | Orc:1    | Learned a level 2 spell: Blink
  8859 | Orc:1    | Learned a level 4 spell: Manifold Assault
  9317 | Orc:2    | Entered Level 2 of the Orcish Mines
  9317 | Orc:2    | Noticed a two-headed ogre
  9319 | Orc:2    | Noticed a two-headed ogre
  9325 | Orc:2    | Killed a two-headed ogre
  9332 | Orc:2    | Killed a two-headed ogre
  9334 | Orc:2    | Noticed a two-headed ogre
  9343 | Orc:2    | Killed a two-headed ogre
  9350 | Orc:2    | Reached skill level 1 in Translocations
 10060 | Orc:2    | Reached XP level 13. HP: 89/98 MP: 23/23
 10441 | Orc:2    | Found a staircase to the Elven Halls.
 10502 | Orc:2    | Noticed Sonja
 10509 | Orc:2    | Killed Sonja
 10516 | Orc:2    | HP: 4/98 [orc knight/+0 long sword (19)]
 10554 | Orc:2    | Reached skill level 11 in Axes
 10732 | Orc:2    | Noticed an orc warlord
 11038 | Orc:2    | Found Hullig's Magic Scroll Shop.
 11051 | Orc:2    | Mangled by a sun demon

Illustrated notes

Levels and vault maps discovered:
D:1:      dpeg_arrival_water_fire, layout_basic, minmay_misc_feat_pillars
D:2:      layout_rooms, kennysheep_small_spiral, minmay_unequal, uniq_sigmund
D:3:      layout_rooms, basic_ecumenical_altar, serial_shops, shop
D:4:      layout_rooms, minmay_temple_entry_stoned_glass, chequers_avenue
D:5:      layout_loops_ring, chequers_temple_overflow_statue_of_worship
D:6:      layout_basic, mainiacjoe_overflow_concentric_impassable
D:7:      nicolae_BIG_FREAKIN_CUBE, layout_cave_pods, serial_shops, shop,
          minivault_19
D:8:      layout_rooms, bloody_makhleb
D:9:      layout_loops_cross, enter_bailey_3, hangedman_fish_farm
D:10:     layout_basic, due_lair_maze_entry_diamond, serial_corexii_hall,
          corexii_hall_statues_u, corexii_hall_statues_deadend
D:11:     layout_roguey, david_orc_4, nicolae_shop_fire_sale
          [nicolae_sub_dead_trees], minivault_12
Temple:   hc_temple_tempest_star
Orc:1:    minmay_goldmine, layout_caves, serial_shops, shop
Orc:2:    pubby_orc_utopia, uniq_sonja

Skill      XL: |  1  2  3  4  5  6  7  8  9 10 11 12 13 |
---------------+----------------------------------------+-----
Armour         | 3 5 |  5.7
Axes           | 2 3 4 5 7 9 10 11 | 11.0
Dodging        | 1 2 3 4 5 7 |  7.8
Shields        | 3 4 5 6 |  6.9
Evocations     | 1 2 3 5 6 |  6.8
Fighting       | 4 5 6 7 |  7.9
Stealth        | 1 2 3 4 |  4.0
Spellcasting   | 1 2 3 4 6 7 |  7.1
Conjurations   | 2 3 |  3.2
Transmutations | 2 |  2.2
Earth Magic    | 2 |  2.5
Translocations | 1 |  1.6
Throwing       | |  0.7

Action                     |  1- 3 |  4- 6 |  7- 9 | 10-12 | 13-15 || total
---------------------------+-------+-------+-------+-------+-------++-------
  Melee: War axe           |    42 |       |    79 |   591 |   104 ||   816
         Hand axe          |       |   127 |   153 |       |       ||   280
  Throw: Stone             |     1 |       |     5 |     5 |       ||    11
         Boomerang         |       |       |       |    15 |     3 ||    18
   Cast: Blink             |       |       |       |     1 |       ||     1
  Evoke: Wand              |       |     1 |    33 |       |     2 ||    36
    Use: Potion            |     1 |       |       |     1 |     1 ||     3
         Scroll            |       |     9 |    11 |     4 |     2 ||    26
   Stab: Sleeping          |       |     2 |     5 |     3 |       ||    10
         Paralysed         |       |     2 |       |       |       ||     2
         Distracted        |       |       |       |     5 |       ||     5
 Armour: Scale mail        |    34 |       |       |       |       ||    34
         Robe              |       |    99 |   187 |    21 |       ||   307
         Skin              |       |     1 |       |       |       ||     1
         Acid dragon scale |       |       |       |   264 |    53 ||   317
  Dodge: Dodged            |    19 |   109 |   149 |   244 |    37 ||   558
  Block: Buckler           |     4 |    26 |    65 |   259 |    39 ||   393
         Reflection        |       |       |       |    20 |     1 ||    21

Table legend: (Time is in decaauts)
 A = Elapsed time spent in this place.
 B = Non-inter-level travel time spent in this place.
 C = Inter-level travel time spent in this place.
 D = Time resting spent in this place.
 E = Time spent auto-exploring this place.
 F = Levels seen in this place.
 G = Mean time per level.
                   A        B        C        D        E       F      G
               +--------+--------+--------+--------+--------+-----+--------+
         Total |  11320 |  10752 |    568 |      0 |   7546 |  15 |  754.7 |
       Dungeon |   8714 |   8224 |    490 |      0 |   5848 |  11 |  792.2 |
        Temple |      1 |      1 |      0 |      0 |      0 |   1 |    1.0 |
  Orcish Mines |   2249 |   2171 |     78 |      0 |   1514 |   2 | 1124.5 |
        Bailey |    355 |    355 |      0 |      0 |    184 |   1 |  355.0 |
               +--------+--------+--------+--------+--------+-----+--------+

Top non-repeatable levels by time:
   Orc:2: 1530 daAuts
     D:6: 1186 daAuts
    D:11: 1099 daAuts
     D:7: 992 daAuts
    D:10: 920 daAuts
     D:9: 848 daAuts
     D:2: 823 daAuts
     D:5: 787 daAuts
   Orc:1: 719 daAuts
     D:8: 623 daAuts
     D:1: 614 daAuts
     D:4: 487 daAuts
  Bailey: 355 daAuts
     D:3: 330 daAuts
  Temple: 1 daAuts
